 Dungeon Crawl Stone Soup version 0.30.0-15-g856e2d3f33 (webtiles) character file.

Game seed: 18073419044347197881

326031 MacCMillion the Hand of Fortune (level 21, -12/201 HPs)
             Began as a Hill Orc Fighter on May 19, 2023.
             Was the Champion of Nemelex Xobeh.
             Killed from afar by an ironbound thunderhulk (41 damage)
             ... with a bolt of lightning
             ... on level 3 of the Vaults on May 20, 2023.
             The game lasted 02:14:18 (51129 turns).

MacCMillion the Hand of Fortune (Hill Orc Fighter) Turns: 51129, Time: 02:14:18

Health: -12/201    AC: 25    Str: 38    XL:     21   Next: 63%
Magic:  26/26      EV: 14    Int:  8    God:    Nemelex Xobeh [******]
Gold:   4368       SH: 20    Dex: 10    Spells: 20/20 levels left

rFire   . . .        Z - +9 broad axe (flame)
rCold   + + .        Q - +0 tower shield {reflect}
rNeg    + + .        N - +3 ice dragon scales of Sif Muna's Generosity {Rampage rPois rF- rC++ Str+3}
rPois   +            s - +0 helmet
rElec   .            g - +0 cloak
rCorr   +            (no gloves)
SInv    .            M - +2 pair of boots
Will    ++...        F - amulet of regeneration Stlth
                     z - ring "Tisarcha" {Wiz rF+ rCorr}
HPRegen 1.33/turn    T - ring of the Butterfly {rN++ Will+ MP-9 Str+5}
MPRegen 0.20/turn

%: reflection, rampage, wizardry (x1)
@: no status effects
A: no striking features
}: 2/15 runes: decaying, serpentine
a: Renounce Religion, Draw Escape, Draw Destruction, Draw Summoning, Draw Stack,
Triple Draw, Deal Four, Stack Five


You were on level 3 of the Vaults.
You worshipped Nemelex Xobeh.
Nemelex Xobeh was exalted by your worship.
You visited 8 branches of the dungeon, and saw 35 of its levels.
You also visited: Gauntlet, Ice Cave and Desolation.

You collected 4452 gold pieces.
You spent 84 gold pieces at shops.

Inventory:

Hand Weapons
 u - a +2 antimagic war axe
 Z - a +9 broad axe of flaming (weapon)
Missiles
 J - 8 throwing nets (quivered)
Armour
 g - a +0 cloak (worn)
 s - a +0 helmet (worn)
 M - a +2 pair of boots (worn)
 N - the +3 ice dragon scales of Sif Muna's Generosity (worn) {Rampage rPois rF- rC++ Str+3}
   (You found it on level 9 of the Dungeon)

   Str:       It affects your strength (+3).
   rF:        It makes you vulnerable to fire.
   rC:        It greatly protects you from cold.
   rPois:     It protects you from poison.
   Rampage:   It bestows one free step when moving towards enemies.
 Q - a +0 tower shield of reflection (worn)
Jewellery
 h - a ring of wizardry
 i - a ring of flight
 z - the ring "Tisarcha" (left hand) {Wiz rF+ rCorr}
   (You found it in a Gauntlet)

   [ring of wizardry]

   It improves your spell success rate.
   rF:        It protects you from fire.
   rCorr:     It protects you from acid and corrosion.
 F - an amulet of regeneration (around neck)
 K - the ring "Quaper" {rN+ rCorr Str+6}
   (You found it in the Desolation of Salt)

   [ring of strength]

   Str:       It affects your strength (+6).
   rN:        It protects you from negative energy.
   rCorr:     It protects you from acid and corrosion.
 S - the ring of the Moon {rC+ rN+ MP+9 Dex-4 Stlth+}
   (You found it in the Desolation of Salt)

   [ring of protection from cold]

   Dex:       It affects your dexterity (-4).
   rC:        It protects you from cold.
   rN:        It protects you from negative energy.
   MP:        It affects your magic capacity (+9).
   Stlth:     It makes you more stealthy.
 T - the ring of the Butterfly (right hand) {rN++ Will+ MP-9 Str+5}
   (You took it off a boggart on level 1 of the Vaults)

   [ring of willpower]

   Str:       It affects your strength (+5).
   rN:        It greatly protects you from negative energy.
   MP:        It affects your magic capacity (-9).
   Will:      It increases your willpower.
 V - the ring "Lyossiul" {Ice Contam rCorr Str+2}
   (You found it in the Desolation of Salt)

   [ring of ice]

   It enhances your ice magic.
   Str:       It affects your strength (+2).
   rF:        It makes you vulnerable to fire.
   rC:        It protects you from cold.
   Contam:    It causes magical contamination when unequipped.
   rCorr:     It protects you from acid and corrosion.
 W - the ring "Kiqofruce" {Ice Slay+2}
   (You found it in a Gauntlet)

   [ring of ice]

   It enhances your ice magic.
   Slay:      It affects your accuracy & damage with ranged weapons and melee
   (+2).
   rF:        It makes you vulnerable to fire.
   rC:        It protects you from cold.
 Y - a +4 ring of slaying
Wands
 a - a wand of digging (7)
 b - a wand of paralysis (34)
 n - a wand of light (14)
 r - a wand of roots (51)
 L - a wand of flame (42)
Scrolls
 c - 4 scrolls of vulnerability
 e - 6 scrolls of fog
 k - 9 scrolls of blinking
 l - a scroll of enchant weapon
 o - a scroll of silence
 q - 8 scrolls of fear
 v - 15 scrolls of teleportation
 w - 2 scrolls of amnesia
 y - 10 scrolls of identify
 B - 9 scrolls of immolation
 C - a scroll of magic mapping
 D - 2 scrolls of brand weapon
 G - 5 scrolls of enchant armour
 O - 2 scrolls of poison
 R - a scroll of noise
Potions
 d - 5 potions of might
 f - 17 potions of curing
 j - 14 potions of attraction
 m - 4 potions of heal wounds
 p - 3 potions of invisibility
 t - 8 potions of lignification
 x - 5 potions of resistance
 A - 11 potions of flight
 E - 5 potions of haste
 H - 3 potions of berserk rage
 I - 2 potions of mutation
 P - 3 potions of ambrosia
 X - 2 potions of cancellation
Miscellaneous
 U - a phial of floods


   Skills:
 - Level 20.0 Fighting
 - Level 17.8(18.0) Axes
 - Level 3.3(10.4) Maces & Flails
 - Level 16.0 Armour
 - Level 12.0 Dodging
 + Level 20.1 Shields
 + Level 21.1 Invocations


You had 20 spell levels left.
You didn't know any spells.
Your spell library contained the following spells:

 Spells                   Type           Power      Damage    Failure   Level
 Apportation              Tloc           0%         N/A       36%         1
 Beastly Appendage        Tmut           0%         N/A       36%         1
 Magic Dart               Conj           0%         1d3       36%         1
 Necrotise                Necr           0%         1d4       36%         1
 Slow                     Hex            0%         N/A       36%         1
 Sting                    Tmut/Pois      0%         1d3       36%         1
 Summon Small Mammal      Summ           0%         N/A       36%         1
 Call Imp                 Summ           0%         N/A       50%         2
 Cigotuvi's Dreadful Rot  Necr/Pois/Air  0%         N/A       50%         2
 Poisonous Vapours        Pois/Air       0%         N/A       50%         2
 Scorch                   Fire           0%         2d5       50%         2
 Searing Ray              Conj           0%         2d4       50%         2
 Static Discharge         Conj/Air       0%         2-2/arc   50%         2
 Wereblood                Tmut           0%         N/A       50%         2
 Call Canine Familiar     Summ           0%         N/A       71%         3
 Confusing Touch          Hex            0%         N/A       71%         3
 Inner Flame              Hex/Fire       0%         N/A       71%         3
 Mephitic Cloud           Conj/Pois/Air  0%         N/A       71%         3
 Ozocubu's Armour         Ice            0%         N/A       71%         3
 Portal Projectile        Hex/Tloc       0%         N/A       71%         3
 Spider Form              Tmut/Pois      0%         N/A       71%         3
 Stone Arrow              Conj/Erth      0%         3d7       71%         3
 Summon Guardian Golem    Hex/Summ       0%         N/A       71%         3
 Tukima's Dance           Hex            0%         N/A       71%         3
 Vampiric Draining        Necr           0%         2d6       71%         3
 Airstrike                Air            0%         2d(0-16)  98%         4
 Animate Armour           Summ/Erth      0%         N/A       98%         4
 Cause Fear               Hex            0%         N/A       98%         4
 Flame Wave               Conj/Fire      0%         2d4       98%         4
 Fulminant Prism          Conj/Hex       0%         3d5       98%         4
 Leda's Liquefaction      Hex/Erth       0%         N/A       98%         4
 Manifold Assault         Tloc           0%         N/A       98%         4
 Olgreb's Toxic Radiance  Pois           0%         N/A       98%         4
 Petrify                  Tmut/Erth      0%         N/A       98%         4
 Sticky Flame             Conj/Fire      0%         2d3       98%         4
 Summon Lightning Spire   Summ/Air       0%         N/A       98%         4
 Agony                    Necr           0%         N/A       100%        5
 Alistair's Intoxication  Tmut/Pois      0%         N/A       100%        5
 Blade Hands              Tmut           0%         N/A       100%        5
 Borgnjor's Vile Clutch   Necr/Erth      0%         N/A       100%        5
 Lee's Rapid Deconstruct  Erth           0%         3d4*      100%        5
 Metabolic Englaciation   Hex/Ice        0%         N/A       100%        5
 Summon Forest            Summ/Tloc      0%         N/A       100%        5
 Eringya's Noxious Bog    Tmut/Pois      0%         N/A       100%        6
 Statue Form              Tmut/Erth      0%         N/A       100%        6
 Summon Cactus Giant      Summ           0%         N/A       100%        6
 Dragon Form              Tmut           0%         N/A       100%        7
 Ozocubu's Refrigeration  Ice            0%         4d7       100%        7
 Storm Form               Tmut/Air       0%         N/A       100%        7
 Disjunction              Tloc           0%         N/A       100%        8
 Lehudib's Crystal Spear  Conj/Erth      0%         10d2      100%        8
 Maxwell's Capacitive Co  Air            0%         ∞         100%        8
 Dragon's Call            Summ           0%         N/A       100%        9
 Fire Storm               Conj/Fire      0%         5d1       100%        9


Dungeon Overview and Level Annotations

Branches:
Dungeon (15/15)            Temple (1/1) D:5            Lair (4/5) D:11
  Swamp (4/4) Lair:2        Snake (4/4) Lair:2          Orc (2/2) D:11
    Elf (2/3) Orc:2        Vaults (3/5) D:14         Depths (0/4) D:15
  IceCv (visited)         Desolation (visited)      Gauntlet (visited)
  Slime: Lair:4-5     Crypt: Vaults:2-3

Altars:
Ashenzari
Cheibriados
Dithmenos
Elyvilon
Fedhas
Gozag
Hepliaklqana
Kikubaaqudgha
Makhleb
Nemelex Xobeh
Okawaru
Qazlal
Ru
Trog
Uskayaw
Vehumet
Wu Jian
Xom
Yredelemnul
Zin
The Shining One
Beogh

Shops:
D:4 :   Orc:1 ?   Orc:2 ([::*   Snake:1 !*==[   Snake:3 *(

Portals:
Abyss: Elf:1

Annotations:
D:9 1 runed translucent door
D:10 1 runed translucent door
D:14 6 transporters, 1 runed translucent door
Elf:1 2 transporters, Ewetirimn's ghost, adept MiBe


Message History

The great orb of eyes dissolves into shadows!
The peacekeeper roars a battlecry!
The crystal guardians go into a battle-frenzy!
Electricity crackles from the ironbound thunderhulk's apparatus.
The bolt of lightning hits you!!
* * * LOW HITPOINT WARNING * * *
You feel much better.
The ironbound frostheart touches you but does no damage.
Electricity crackles from the ironbound thunderhulk's apparatus.
The bolt of lightning hits you!!
The ironbound convoker casts a spell at the ironbound thunderhulk.
The ironbound thunderhulk seems to grow stronger.
You hit the ironbound frostheart but do no damage.
The ironbound frostheart touches you! The ironbound frostheart freezes you!
You resist.
* * * LOW HITPOINT WARNING * * *
You slice the ironbound frostheart!! You burn the ironbound frostheart.
The ironbound frostheart is heavily wounded.
Electricity crackles from the ironbound thunderhulk's apparatus.
The bolt of lightning hits you!
The deep elf high priest calls down the wrath of its god upon you.
Something smites you!
* * * LOW HITPOINT WARNING * * *
You slash the ironbound frostheart! You burn the ironbound frostheart.
The ironbound frostheart is severely wounded.
The runic seals fade away.
The ironbound frostheart completely misses you.
Electricity crackles from the ironbound thunderhulk's apparatus.
The bolt of lightning hits you!!!
* * * LOW HITPOINT WARNING * * *
The ironbound convoker gestures at the yaktaur while chanting.
The yaktaur seems to grow stronger.
You feel much better.
The boggart gestures wildly while chanting.
The boggart flickers and vanishes!
You block the ironbound frostheart's attack.
Electricity crackles from the ironbound thunderhulk's apparatus.
The bolt of lightning hits you!!!
You die...
Your body glows with a rainbow of weird colours and disappears.

#.. .. #..=
.p .e9## §
{c#$#.
##O..## #
#?ccO$# .#
#.pu###.#
#...c#$#p...#
#.. ###.@..#
# #)...#
......#
###+####


You could see 2 ironbound thunderhulks, a green ugly thing, a crystal guardian
(summoned, strong), an ironbound frostheart (summoned, empowered), a deep elf
high priest (summoned, brilliance aura), an ironbound convoker (empowered) and 3
yaktaurs.

Vanquished Creatures
  Mara (Swamp:4)
  the Lernaean hydra (Swamp:4)
  Saint Roka (Vaults:1)
  Bai Suzhen (Swamp:4)
  Nikola (Swamp:2)
  A tentacled monstrosity (Swamp:2)
  Jorgrun (Swamp:1)
  Frances (D:13)
  A sphinx (Vaults:2)
  Kirke (D:14)
  6 nagarajas
  A thorn hunter (Swamp:2)
  5 vault wardens
  Louise (Swamp:2)
  2 orc warlords
  An imperial myrmidon (Desolation)
  A very ugly thing (Swamp:4)
  A broodmother (Desolation)
  3 ironbound preservers
  3 ironbound thunderhulks
  A stone giant (D:15)
  2 minotaurs
  5 eleionomae
  A deep elf demonologist (Elf:2)
  A halazid warlock (Desolation)
  The ghost of Rrauwl the Severer, a journeyman MiBe of Trog (Orc:2)
  4 bunyips
  2 green deaths (Swamp:4)
  Josephine (Orc:2)
  An ettin (shapeshifter) (Elf:1)
  A crystal guardian (Desolation)
  A yaktaur captain (Vaults:1)
  A great orb of eyes (Vaults:2)
  3 servants of whispers (Desolation)
  5 ragged hierophants (Desolation)
  2 shambling mangroves (Swamp:3)
  3 ghost crabs
  4 salamander tyrants
  An entropy weaver (Vaults:2)
  13 hydras
  7 vault guards
  2 ironbound frosthearts
  2 spriggan air magi
  4 centaur warriors
  7 peacekeepers (Desolation)
  12 anacondas
  3 boulder beetles
  15 alligators
  17 death yaks
  4 dancing weapons (Elf:1)
  2 tengu warriors (D:15)
  A titan zombie (Vaults:1)
  5 shock serpents
  2 orc high priests
  10 naga warriors
  A thrashing horror (Swamp:4)
  Sonja (Orc:2)
  15 naga sharpshooters
  A fire crab (shapeshifter) (D:15)
  A skyshark (Snake:4)
  10 deep elf knights
  4 salamander mystics
  2 goliath frogs (Swamp:3)
  A fire crab (Lair:4)
  12 deep trolls
  A flayed ghost (D:15)
  6 sea snakes (Snake:4)
  A spriggan druid (Swamp:3)
  7 naga ritualists
  12 bog bodies
  3 wizards
  A glowing orange brain (Gauntlet)
  14 lindwurms
  7 deep elf archers
  7 ironbound convokers
  11 swamp dragons
  14 harpies
  9 deep elf zephyrmancers
  A necromancer (Vaults:1)
  13 mana vipers
  4 orc sorcerers
  15 deep elf pyromancers
  6 orc knights
  5 will-o-the-wisps
  A frost giant zombie (Vaults:1)
  5 cyclopes
  19 salamanders
  6 manticores
  A glowing shapeshifter (Snake:2)
  11 ugly things
  A moth of wrath (D:10)
  13 guardian serpents
  3 elephants (Lair:4)
  A water nymph (Snake:4)
  39 black mambas
  3 gargoyles
  19 naga magi
  An eye of devastation (Gauntlet)
  6 vault sentinels
  2 orange demons (Swamp:4)
  2 molten gargoyles (Desolation)
  Joseph (D:7)
  An ice statue (IceCv)
  9 rime drakes
  4 efreet
  2 torpor snails
  10 cane toads
  4 unseen horrors
  A tengu conjurer (D:14)
  7 komodo dragons
  2 ice devils (D:11)
  10 yaktaurs
  11 tyrant leeches
  8 meliai
  7 trolls
  A bloated husk (Swamp:1)
  A tarantella (shapeshifter) (D:15)
  18 hornets
  7 polar bears
  19 blink frogs
  62 saltlings (Desolation)
  A hornet (shapeshifter) (Lair:4)
  A raiju (Snake:4)
  Prince Ribbit (D:7)
  2 large abominations (Swamp:4)
  Grinder (D:5)
  18 dream sheep
  3 tarantellas
  31 slime creatures
  6 shadows
  4 water elementals
  2 air elementals
  10 spriggans
  3 wraiths
  7 wyverns
  6 basilisks
  A fire elemental (Elf:1)
  A steam dragon (D:8)
  40 yaks
  A human (shapeshifter) (Elf:2)
  A hog (D:14)
  Grum (D:8)
  6 vampire mosquitoes
  A redback (Desolation)
  12 swamp worms
  A human zombie (Vaults:1)
  3 wargs
  4 acid dragons
  43 nagas
  An acid dragon (shapeshifter) (Elf:1)
  A floating eye (Gauntlet)
  10 water moccasins
  35 orc warriors
  2 swamp drakes
  A sky beast (D:6)
  2 ice beasts
  A black bear (D:11)
  8 boggarts
  7 ogres
  26 wolves
  An orc zombie (Vaults:1)
  6 centaurs
  A lemure (D:7)
  A phantom (D:6)
  3 kobold brigands
  Blork the orc (Orc:2)
  10 bullfrogs
  2 gnoll sergeants (D:9)
  2 earth elementals (Elf:1)
  3 scorpions
  A wight (D:8)
  43 killer bees
  8 electric eels (D:12)
  2 howler monkeys
  A centaur zombie (D:3)
  3 jellies
  24 orc priests
  9 hounds
  A sleepcap (D:7)
  Natasha (thrice) (D:5)
  3 gnoll boudas
  4 iguanas
  26 orc wizards
  A scorpion zombie (D:3)
  A hound zombie (D:3)
  Robin (D:2)
  31 gnolls
  9 adders
  3 shadow imps
  An adder skeleton (D:3)
  9 worms
  A dart slug (D:4)
  129 orcs
  6 ball pythons
  4 endoplasms
  5 giant cockroaches
  15 goblins
  12 hobgoblins
  10 jackals
  3 quokkas
  A ball python skeleton (D:3)
  7 bats
  5 frilled lizards
  A goblin skeleton (D:10)
  16 kobolds
  A quokka skeleton (D:3)
  9 rats
  2 rat zombies (D:10)
  A foxfire (Swamp:2)
1430 creatures vanquished.

Vanquished Creatures (collateral kills)
  A nagaraja (Snake:4)
  A vault warden (Vaults:2)
  A frost giant (IceCv)
  An orc warlord (Orc:1)
  A peacekeeper (Desolation)
  3 vault guards
  2 deep elf knights (Elf:1)
  A fire crab (Desolation)
  A naga ritualist (Snake:1)
  Maggie (D:10)
  A rime drake (IceCv)
  A polar bear (IceCv)
  A queen bee (Lair:4)
  6 saltlings (Desolation)
  A yak (D:11)
  A wraith (Orc:2)
  9 orc warriors
  A wolf (IceCv)
  8 killer bees (Lair:4)
  4 orc priests
  2 orcs (Orc:1)
  A kobold (D:11)
49 creatures vanquished.

Vanquished Creatures (others)
  A deep elf archer (Elf:1)
  A deep elf pyromancer (Elf:1)
  2 deep elf zephyrmancers (Elf:2)
  A bloated husk (Swamp:3)
  A water elemental (Elf:1)
  A fire elemental (Elf:1)
  2 humans (D:14)
  An electric eel (D:9)
  A gnoll (D:9)
  13 foxfires
24 creatures vanquished.

Grand Total: 1503 creatures vanquished

Notes
Turn   | Place    | Note
-------+----------+-------------------------------------------
     0 | D:1      | MacCMillion the Hill Orc Fighter began the quest for the
                  | Orb.
     0 | D:1      | Reached XP level 1. HP: 19/19 MP: 1/1
   163 | D:1      | Reached XP level 2. HP: 26/26 MP: 2/2
   427 | D:1      | Reached XP level 3. HP: 31/31 MP: 3/3
   663 | D:1      | Found a faded altar of an unknown god.
  1098 | D:2      | Reached XP level 4. HP: 35/39 MP: 4/4
  1224 | D:2      | Noticed Robin
  1232 | D:2      | Killed Robin
  1233 | D:2      | Reached skill level 5 in Axes
  1596 | D:3      | Reached XP level 5. HP: 45/45 MP: 5/5
  1687 | D:3      | Identified the +2 quarterstaff of Oblorupp {venom, rElec
                  | rPois Str+2 Int-4}
  2054 | D:3      | Found a large runed translucent door.
  2058 | D:3      | Found a large runed translucent door.
  2393 | D:3      | Reached XP level 6. HP: 51/51 MP: 6/6
  2525 | D:3      | Found a snail-covered altar of Cheibriados.
  2554 | D:3      | Found a radiant altar of Vehumet.
  2870 | D:3      | Found a sparkling altar of Nemelex Xobeh.
  2878 | D:3      | Became a worshipper of Nemelex Xobeh the Trickster
  2883 | D:3      | Found a shimmering altar of Xom.
  3134 | D:4      | Noticed Natasha
  3684 | D:4      | Reached XP level 7. HP: 54/57 MP: 7/7
  3723 | D:4      | Found Eckaomie's Book Shop.
  3999 | D:5      | Entered Level 5 of the Dungeon
  3999 | D:5      | Found a staircase to the Ecumenical Temple.
  4011 | D:5      | Reached skill level 10 in Axes
  4322 | D:5      | Noticed Grinder
  4326 | D:5      | Paralysed by Grinder for 4 turns
  4549 | D:5      | Killed Grinder
  4550 | D:5      | Reached skill level 1 in Invocations
  4550 | D:5      | Reached XP level 8. HP: 27/66 MP: 7/9
  4962 | D:5      | Killed Natasha
  4963 | D:5      | Reached skill level 2 in Invocations
  4998 | D:5      | Noticed Natasha
  5009 | D:5      | Killed Natasha
  5296 | D:5      | Reached skill level 3 in Invocations
  5405 | D:5      | Reached * piety under Nemelex Xobeh
  5431 | D:5      | Noticed Natasha
  5438 | D:5      | Reached skill level 5 in Fighting
  5442 | D:5      | Killed Natasha
  5509 | D:5      | Reached skill level 5 in Armour
  5600 | Temple   | Entered the Ecumenical Temple
  5839 | D:5      | Found a hide-covered altar of Uskayaw.
  6408 | D:6      | Found a shadowy altar of Dithmenos.
  6446 | D:6      | Reached skill level 4 in Invocations
  6451 | D:6      | Reached XP level 9. HP: 41/74 MP: 10/12
  7008 | D:6      | Found a glowing silver altar of Zin.
  7284 | D:6      | Received a gift from Nemelex Xobeh
  7360 | D:7      | Noticed Prince Ribbit
  7363 | D:7      | Killed Prince Ribbit
  7364 | D:7      | Reached skill level 5 in Invocations
  7505 | D:7      | Reached ** piety under Nemelex Xobeh
  7547 | D:7      | Found a broken altar of Ashenzari.
  7684 | D:7      | Noticed Joseph
  7699 | D:7      | Killed Joseph
  7762 | D:7      | Received a gift from Nemelex Xobeh
  7947 | D:7      | Noticed Pikel
  7958 | D:7      | Pikel changed into Pikel the water moccasin
  7958 | D:7      | Noticed Pikel
  7964 | D:7      | Killed Pikel the water moccasin
  8209 | D:7      | Reached skill level 6 in Invocations
  8558 | D:8      | Reached XP level 10. HP: 60/86 MP: 14/14
  8811 | D:8      | Noticed Grum
  8943 | D:8      | Killed Grum
  9232 | D:8      | Reached skill level 7 in Invocations
  9439 | D:8      | Received a gift from Nemelex Xobeh
  9527 | D:8      | Reached *** piety under Nemelex Xobeh
 10771 | D:9      | Reached skill level 15 in Axes
 10907 | D:9      | Found Hegraol's Jewellery Shoppe.
 10961 | D:9      | Found a runed translucent door.
 10961 | D:9      | Noticed a seven-headed hydra
 11535 | D:9      | Received a gift from Nemelex Xobeh
 11548 | D:9      | Identified the +3 ice dragon scales of Sif Muna's
                  | Generosity {Rampage rPois rF- rC++ Str+3}
 11604 | D:10     | Entered Level 10 of the Dungeon
 11791 | D:10     | Found an ancient bone altar of Kikubaaqudgha.
 11830 | D:10     | Reached XP level 11. HP: 95/95 MP: 16/16
 11849 | D:10     | Found a runed translucent door.
 11953 | D:10     | Received a gift from Nemelex Xobeh
 11999 | D:10     | Found a basalt altar of Yredelemnul.
 12044 | D:10     | Found a sacrificial altar of Ru.
 12094 | D:10     | Noticed Maggie
 12106 | D:10     | Killed Maggie
 12331 | D:10     | Found an iron altar of Okawaru.
 12439 | D:10     | Reached **** piety under Nemelex Xobeh
 12439 | D:10     | Noticed a manticore
 12441 | D:10     | a manticore changed into a moth of wrath
 12441 | D:10     | Noticed a moth of wrath
 12448 | D:10     | Killed a moth of wrath
 12652 | D:10     | Reached skill level 8 in Invocations
 12752 | D:11     | Received a gift from Nemelex Xobeh
 12796 | D:11     | Found a frozen archway.
 12821 | IceCv    | Entered an ice cave
 12834 | IceCv    | Reached skill level 10 in Fighting
 12882 | IceCv    | Reached skill level 9 in Invocations
 12889 | IceCv    | Reached skill level 10 in Armour
 12952 | IceCv    | Noticed a death yak
 12984 | IceCv    | Killed a death yak
 12985 | IceCv    | Reached skill level 10 in Invocations
 13296 | IceCv    | Noticed a death yak
 13305 | IceCv    | Reached XP level 12. HP: 94/107 MP: 19/19
 13311 | IceCv    | Noticed a frost giant
 13313 | IceCv    | Killed a death yak
 13314 | IceCv    | Reached skill level 5 in Shields
 13328 | IceCv    | Killed a frost giant
 13422 | IceCv    | Noticed a death yak
 13456 | IceCv    | Killed a death yak
 13593 | IceCv    | Noticed a death yak
 13613 | IceCv    | Killed a death yak
 13892 | D:11     | Reached skill level 10 in Shields
 14326 | D:11     | Found a staircase to the Orcish Mines.
 14424 | D:11     | Found a staircase to the Lair.
 14640 | Lair:1   | Entered Level 1 of the Lair of Beasts
 14713 | Lair:1   | Received a gift from Nemelex Xobeh
 14733 | Lair:1   | Reached ***** piety under Nemelex Xobeh
 15313 | Lair:1   | Reached XP level 13. HP: 116/116 MP: 20/20
 15436 | Lair:1   | Received a gift from Nemelex Xobeh
 17227 | Lair:2   | Found a staircase to the Swamp.
 17379 | Lair:2   | Got the Exposition on Moulding and Intoxication
 17429 | Lair:2   | Found a staircase to the Snake Pit.
 17654 | Lair:3   | Received a gift from Nemelex Xobeh
 17984 | Lair:3   | Received a gift from Nemelex Xobeh
 18125 | Lair:3   | Reached XP level 14. HP: 129/129 MP: 21/21
 18767 | Lair:4   | Received a gift from Nemelex Xobeh
 18888 | Lair:4   | Found a gate leading to a gauntlet.
 18897 | Gauntlet | Entered a Gauntlet
 18897 | Gauntlet | Found a transporter.
 18904 | Gauntlet | Found a transporter.
 18906 | Gauntlet | Found a transporter.
 18917 | Gauntlet | Found a transporter.
 18920 | Gauntlet | Found a transporter.
 18931 | Gauntlet | Found a transporter.
 18950 | Gauntlet | Found a transporter.
 18958 | Gauntlet | Found a transporter.
 18965 | Gauntlet | Found a runed translucent gate.
 18965 | Gauntlet | Found a runed translucent gate.
 18965 | Gauntlet | Found a runed translucent gate.
 18966 | Gauntlet | Noticed a balrug
 18968 | Gauntlet | Found a transporter.
 18972 | Gauntlet | Found a runed translucent door.
 18987 | Gauntlet | Found a transporter.
 18997 | Gauntlet | Found a runed translucent door.
 18998 | Gauntlet | Found a transporter.
 18998 | Gauntlet | Found a transporter.
 18999 | Gauntlet | Found a runed translucent door.
 19040 | Gauntlet | Found a transporter.
 19054 | Gauntlet | Found a transporter.
 19256 | Gauntlet | Identified the ring "Tisarcha" {Wiz rF+ rCorr}
 19333 | Gauntlet | Identified the ring "Kiqofruce" {Ice Slay+2}
 19567 | Lair:4   | Received a gift from Nemelex Xobeh
 20464 | Lair:4   | Identified the +1 long sword "Erche" {flame, +Blink Dex+2}
 20548 | Lair:4   | Reached skill level 15 in Fighting
 21015 | Orc:1    | Entered Level 1 of the Orcish Mines
 21106 | Orc:1    | Reached ****** piety under Nemelex Xobeh
 21427 | Orc:1    | Noticed an orc warlord
 21441 | Orc:1    | Killed an orc warlord
 21810 | Orc:1    | Received a gift from Nemelex Xobeh
 21910 | Orc:1    | Found Lugihuz's Magic Scroll Shop.
 21924 | Orc:1    | Bought a scroll of identify for 32 gold pieces
 21958 | Orc:2    | Entered Level 2 of the Orcish Mines
 21964 | Orc:2    | Reached XP level 15. HP: 141/141 MP: 22/22
 22146 | Orc:2    | Noticed Blork the orc
 22155 | Orc:2    | Killed Blork the orc
 22177 | Orc:2    | Noticed an orc warlord
 22222 | Orc:2    | Killed an orc warlord
 22239 | Orc:2    | Received a gift from Nemelex Xobeh
 22268 | Orc:2    | Found a roughly hewn altar of Beogh.
 22280 | Orc:2    | Noticed Josephine
 22285 | Orc:2    | Reached skill level 15 in Shields
 22290 | Orc:2    | Killed Josephine
 22294 | Orc:2    | Found Hipsat's Book Emporium.
 22306 | Orc:2    | Found Rouch's Antique Armour Emporium.
 22394 | Orc:2    | Found Vafaen's Book Shop.
 22456 | Orc:2    | Found a staircase to the Elven Halls.
 22461 | Orc:2    | Noticed Sonja
 22469 | Orc:2    | Killed Sonja
 22492 | Orc:2    | Found a large runed translucent door.
 22492 | Orc:2    | Found a large runed translucent door.
 22505 | Orc:2    | Noticed Rrauwl's ghost (journeyman MiBe)
 22705 | Orc:2    | Found Yreyrch's Antique Weapon Emporium.
 22773 | Orc:2    | Found Zaykeal's General Store.
 22780 | Orc:2    | Bought a scroll of identify for 26 gold pieces
 22780 | Orc:2    | Bought a scroll of identify for 26 gold pieces
 22831 | Orc:2    | Found a roughly hewn altar of Beogh.
 23020 | Orc:2    | Killed Rrauwl's ghost
 23178 | D:12     | Identified the +7 short sword of Wentomn {vamp, Fly Str+5}
 23942 | D:12     | Received a gift from Nemelex Xobeh
 24409 | D:12     | Received a gift from Nemelex Xobeh
 24758 | D:13     | You fall into a shaft and drop 2 floors!
 24758 | D:15     | Entered Level 15 of the Dungeon
 24972 | D:14     | Noticed Kirke
 24985 | D:14     | Killed Kirke
 25159 | D:14     | Received a gift from Nemelex Xobeh
 25200 | D:14     | Found a transporter.
 25201 | D:14     | Found a transporter.
 25241 | D:14     | Found a runed translucent door.
 25245 | D:14     | Noticed a shadow dragon
 25376 | D:14     | Found a transporter.
 25382 | D:14     | Found a transporter.
 25423 | D:14     | Found a transporter.
 25424 | D:14     | Found a transporter.
 25520 | D:14     | Received a gift from Nemelex Xobeh
 25918 | D:13     | Noticed Frances
 25925 | D:13     | Killed Frances
 26455 | D:14     | Found a hide-covered altar of Uskayaw.
 26853 | D:15     | Received a gift from Nemelex Xobeh
 27733 | D:15     | Received a gift from Nemelex Xobeh
 27886 | D:15     | Found a staircase to the Depths.
 27898 | D:15     | Reached XP level 16. HP: 132/160 MP: 7/23
 27983 | D:15     | Reached skill level 11 in Invocations
 27983 | D:15     | Reached XP level 17. HP: 170/170 MP: 7/25
 28262 | Snake:1  | Entered Level 1 of the Snake Pit
 28294 | Snake:1  | Found Diosch's Jewellery Emporium.
 28297 | Snake:1  | Found Aneit's Armour Shoppe.
 28297 | Snake:1  | Found Goan Pem's General Store.
 28322 | Snake:1  | Found Lamenwoa's Jewellery Shoppe.
 28375 | Snake:1  | Found Tapniap's Distillery.
 28435 | Snake:1  | Received a gift from Nemelex Xobeh
 28589 | Snake:1  | Reached skill level 1 in Dodging
 28667 | Snake:1  | Identified the +7 flail of the Lesser Evil {speed, rElec
                  | rN++ Int-5 Dex+3}
 28685 | Snake:1  | Identified the -1 long sword "Juggefri" {flame, rElec rF+}
 29009 | Snake:1  | Reached skill level 12 in Invocations
 30040 | Snake:2  | Received a gift from Nemelex Xobeh
 30468 | Snake:2  | Received a gift from Nemelex Xobeh
 30642 | Snake:2  | Reached skill level 13 in Invocations
 30895 | Snake:2  | Reached skill level 15 in Armour
 31272 | Snake:2  | Identified the +1 leather armour of Noon {rElec}
 31703 | Snake:3  | Received a gift from Nemelex Xobeh
 32589 | Snake:3  | Reached skill level 5 in Dodging
 32616 | Snake:3  | Received a gift from Nemelex Xobeh
 32821 | Snake:3  | Found Zilliul's General Store.
 32830 | Snake:3  | Found Bimed's Weapon Shop.
 33024 | Snake:4  | Entered Level 4 of the Snake Pit
 33248 | Snake:3  | HP: 4/170 [shock serpent/bolt of electricity (19)]
 33254 | Snake:3  | Reached skill level 14 in Invocations
 33254 | Snake:3  | HP: 6/170 [anaconda[a naga ritualist] (11)]
 33637 | Snake:4  | Reached XP level 18. HP: 178/178 MP: 9/28
 34846 | Snake:4  | Reached skill level 15 in Invocations
 35548 | Snake:4  | Paralysed by a naga ritualist for 2 turns
 35900 | Snake:4  | Received a gift from Nemelex Xobeh
 36836 | Snake:4  | Got a serpentine rune of Zot
 37814 | Snake:1  | Reached skill level 1 in Maces & Flails
 38493 | D:14     | Found a gate to the Vaults.
 38506 | D:14     | Reached skill level 16 in Invocations
 38517 | Vaults:1 | Entered Level 1 of the Vaults
 38871 | Vaults:1 | Received a gift from Nemelex Xobeh
 38884 | Vaults:1 | Identified the ring of the Butterfly {rN++ Will+ MP-9
                  | Str+5}
 38972 | Vaults:1 | Noticed Saint Roka
 38984 | Vaults:1 | Reached XP level 19. HP: 123/181 MP: 7/31
 39014 | Vaults:1 | Killed Saint Roka
 40091 | Swamp:1  | Entered Level 1 of the Swamp
 40091 | Swamp:1  | Noticed Jorgrun
 40111 | Swamp:1  | Killed Jorgrun
 40313 | Swamp:1  | Identified the +1 leather armour of Gunats {Int+2}
 40370 | Swamp:1  | Reached skill level 17 in Invocations
 41044 | Swamp:1  | Received a gift from Nemelex Xobeh
 41587 | Swamp:2  | Noticed Nikola
 41591 | Swamp:2  | Killed Nikola
 41601 | Swamp:2  | Noticed a tentacled monstrosity
 41646 | Swamp:2  | Killed a tentacled monstrosity
 41652 | Swamp:2  | Noticed Louise
 41782 | Swamp:2  | Killed Louise
 42097 | Swamp:2  | Received a gift from Nemelex Xobeh
 42860 | Swamp:3  | Received a gift from Nemelex Xobeh
 42949 | Swamp:3  | Found an ancient bone altar of Kikubaaqudgha.
 43050 | Swamp:3  | Identified the +4 great mace of Tase {antimagic, rPois rF+
                  | Will+}
 43216 | Swamp:4  | Entered Level 4 of the Swamp
 43216 | Swamp:4  | Noticed Mara
 43262 | Swamp:4  | Noticed MacCMillion's illusion
 43590 | Swamp:4  | Killed Mara
 43599 | Swamp:4  | Reached skill level 18 in Invocations
 44076 | Swamp:4  | Received a gift from Nemelex Xobeh
 44161 | Swamp:4  | Reached XP level 20. HP: 193/193 MP: 24/33
 44711 | Swamp:4  | Noticed the 27-headed Lernaean hydra
 44725 | Swamp:4  | Killed the 26-headed Lernaean hydra
 44735 | Swamp:4  | Noticed Bai Suzhen
 44755 | Swamp:4  | Killed Bai Suzhen
 44848 | Swamp:4  | Got a decaying rune of Zot
 45126 | Elf:1    | Entered Level 1 of the Elven Halls
 45130 | Elf:1    | Noticed Ewetirimn's ghost (adept MiBe)
 45131 | Elf:1    | Found a transporter.
 45146 | Elf:1    | Found a one-way gate to the infinite horrors of the Abyss.
 45154 | Elf:1    | Found a transporter.
 45503 | Elf:1    | Paralysed by an air elemental for 1 turns
 45537 | Elf:1    | Received a gift from Nemelex Xobeh
 45894 | Elf:1    | Reached skill level 10 in Dodging
 45926 | Elf:1    | Reached skill level 19 in Invocations
 46623 | Elf:2    | Paralysed by an air elemental for 1 turns
 48430 | Vaults:1 | Identified the +5 dire flail "Ifeisaxa" {speed, Str+4 Int+5
                  | Stlth-}
 48543 | Vaults:1 | Received a gift from Nemelex Xobeh
 48689 | Vaults:1 | Identified the +2 robe of the Shining One's Whim {rPois rN+
                  | Dex+5}
 49132 | Vaults:2 | Reached skill level 20 in Invocations
 49146 | Vaults:2 | Found a crumbling gateway.
 49155 | Desolati | Entered the Desolation of Salt
 49168 | Desolati | Reached XP level 21. HP: 178/201 MP: 26/35
 49443 | Desolati | Identified the ring "Lyossiul" {Ice Contam rCorr Str+2}
 49573 | Desolati | Received a gift from Nemelex Xobeh
 49663 | Desolati | Got the Incunabulum of Productive Wildfire
 49666 | Desolati | Got Faawoikh's Catalogue of Location and Transfiguration
 49671 | Desolati | Identified the ring of the Moon {rC+ rN+ MP+9 Dex-4 Stlth+}
 49932 | Desolati | Identified the ring "Quaper" {rN+ rCorr Str+6}
 49935 | Desolati | Identified the staff of cold "Ovecesev" {rElec rC+ Int+8
                  | Dex+4}
 49937 | Desolati | Got the Catalogue of Movement
 50437 | Vaults:2 | Received a gift from Nemelex Xobeh
 50750 | Vaults:2 | Reached skill level 21 in Invocations
 50852 | Vaults:2 | Received a gift from Nemelex Xobeh
 51128 | Vaults:3 | HP: 6/201 [ironbound thunderhulk/bolt of lightning (44)]
 51129 | Vaults:3 | Killed from afar by an ironbound thunderhulk

Illustrated notes

Levels and vault maps discovered:
D:1:      ncdulo_lavacross, layout_loops_ring,
          shapermc_ecumenical_altar_hornbeckon
D:2:      layout_loops_ring, uniq_robin
D:3:      layout_loops_corners, mainiacjoe_overflow_two_lobes,
          jmf_multi_god_temple2, serial_undead, serial_undead_d,
          serial_undead_f, serial_undead_e, serial_undead_c, serial_undead_e,
          serial_undead_e, minivault_25, minivault_14
D:4:      layout_basic, serial_shops, shop, minmay_misc_feat_encased,
          nicolae_wormholes, uniq_natasha
D:5:      layout_loops_cross, mainiacjoe_overflow_tiny_flanked,
          minmay_temple_entry_tees, minivault_14, uniq_grinder
D:6:      layout_rooms, mainiacjoe_overflow_surrounded_room,
          mainiacjoe_overflow_paths, kennysheep_generic_room_9
D:7:      layout_basic, nicolae_overflow_crystal_walls, uniq_joseph,
          uniq_prince_ribbit1, uniq_pikel
D:8:      layout_basic, minmay_misc_feat_tower, minmay_increasing_density,
          uniq_grum
D:9:      layout_cave_pools, led_sif_pool, serial_gnoll_camp,
          gnoll_camp_mini_loothouse, gnoll_camp_huts_moat, gnoll_camp_mini_shop,
          gnoll_camp_medium_02, minivault_13
D:10:     layout_long_grid, nicolae_ru_awakened_eye,
          lemuel_zombie_altar_kikubaaqudgha, dk_yredelemnul_ordeal,
          okawaru_altar_gauntlet_db, minmay_joined_circles, uniq_maggie
D:11:     layout_big_octagon, grunt_lair_entry_orc_guard_hut, hiddenorc2_lemuel,
          portal_ice_cave_demonic_guard
D:12:     layout_basic, moated_statue
D:13:     layout_roguey, uniq_frances
D:14:     layout_loops_corners, grunt_vaults_entry_fortified,
          nicolae_uskayaw_en_pointe, minmay_st_funbox, serial_nicolae_subway,
          nicolae_sub_station_crystal, nicolae_sub_station_stone,
          nicolae_sub_station_metal, uniq_kirke
D:15:     grunt_enter_depths_snipers, layout_irregular_city
Temple:   grunt_temple_mini_profane
Lair:1:   layout_cave_pods, st_stairs_3
Lair:2:   layout_hall_layers, swamp_mist_pool, nicolae_snake_entry_squirm
Lair:3:   layout_regular_city
Lair:4:   regret_index_combs_of_tragedy, layout_long_grid,
          gauntlet_entry_generic, serial_bayou_shore_b, serial_bayou_shore_b,
          infiniplex_staircase_pool_2
Swamp:1:  layout_basic_swamp, serial_swamp_ruin, hangedman_swamp_ruin_wall,
          evilmike_swamp_ruin_house_2, evilmike_swamp_ruin_house_3,
          infiniplex_staircase_pool, uniq_jorgrun
Swamp:2:  layout_falls_marsh, evilmike_swamp_ruin_house_5, uniq_louise,
          uniq_nikola
Swamp:3:  layout_falls_marsh, evilmike_swamp_ruin_house_6, grunt_ruined_hall
Swamp:4:  swamp_vile, layout_basic_swamp, uniq_mara, uniq_bai_suzhen
Snake:1:  layout_onion, serial_shops, shop_fountains, st_stairs_2,
          minmay_shoptagon
Snake:2:  layout_grid_maze, grunt_megastairs_1
Snake:3:  layout_misc_corridors, grunt_megastairs_4, minmay_shop_star
Snake:4:  grunt_snake_rune_pools, layout_cave_town, grunt_megastairs_3
Orc:1:    layout_caves, serial_shops, nicolae_shop_rolled_up,
          nicolae_orc_pool_cavern
Orc:2:    grunt_orc_cross, layout_caves, serial_shops,
          nicolae_shop_window_shopping, ebering_ghost_disaster_area,
          nicolae_orc_lost_temple, uniq_sonja, uniq_josephine
Elf:1:    layout_gridlike, gammafunk_ghost_abyssal_escape, minivault_28
Elf:2:    nicolae_elf_blades_splatter_lattice [grunt_blade_entry_basic],
          layout_loops_cross, serial_co_window_serial, co_window_paths_a,
          co_window_corner_a, co_window_corner_a, co_window_corner_a,
          co_window_paths_b, co_window_cross_1, co_window_paths_a,
          co_window_of_opportunity_a, co_window_of_opportunity_a,
          co_window_paths_c, co_window_of_opportunity_c, glass_columns_a,
          glass_columns_a, serial_shops, nicolae_shop_real_fake_doors
Vaults:1: ontoclasm_vaults_pinch, vaults_room_stairs_pillars,
          nicolae_vaults_tetromino_T_2, nicolae_vaults_ninety_degrees,
          nicolae_vaults_network_s, nicolae_vaults_windows_and_doors_thing,
          nicolae_vaults_diamond_2, nicolae_vaults_network_quinsquares
          [nicolae_vaults_network_quincunx_subvault,
          nicolae_vaults_network_quincunx_subvault,
          nicolae_vaults_network_quincunx_subvault,
          nicolae_vaults_network_quincunx_subvault],
          nicolae_vaults_little_squares_3, layout_vaults_omnicross,
          uniq_saint_roka
Vaults:2: portal_desolation_entry_ruin, nicolae_vaults_double_plus_2,
          vaults_mumra_lcd, hangedman_vaults_maws, nicolae_vaults_double_plus_2,
          v_misc_33, ontoclasm_vaults_shuriken, nicolae_vaults_diamond_2,
          nicolae_vaults_tetromino_Z_2, vaults_dpeg_ring,
          nicolae_vaults_tetromino_Z_1, layout_vaults_quadrants
Vaults:3: st_quartered_hall, vaults_room_semicircle,
          nicolae_vaults_closet_pinwheel_5, nicolae_vaults_what_the_h, v_misc_2,
          v_misc_19, nicolae_vaults_tetromino_T_2, nicolae_vaults_trapezoid_2,
          nicolae_vaults_mini_display_case, nicolae_vaults_octothorpe,
          vaults_room_fours, nicolae_vaults_specimen_jars, v_misc_26,
          nicolae_vaults_house_1, ontoclasm_vaults_gateway, v_misc_13,
          nicolae_vaults_storage_room_statues, layout_vaults_ring,
          minmay_crypt_entry_skeletal_spiral, serial_shops, shop, uniq_aizul

Skill      XL: |  1  2  3  4  5  6  7  8  9 10 11 12 13 14 15 16 17 18 19 20 21 |
---------------+----------------------------------------------------------------+-----
Axes           | 3 4 5 7 9 10 11 13 15 16 17 | 17.8
Shields        | 4 10 12 14 15 16 17 19 20 | 20.1
Fighting       | 4 5 7 8 10 11 13 15 19 20 | 20.0
Armour         | 4 5 6 8 10 12 14 15 16 | 16.0
Invocations    | 1 4 6 7 10 11 14 16 18 20 21 | 21.1
Dodging        | 5 7 9 11 12 | 12.0
Maces & Flails | 3 |  3.3

Action                     |  1- 3 |  4- 6 |  7- 9 | 10-12 | 13-15 | 16-18 | 19-21 || total
---------------------------+-------+-------+-------+-------+-------+-------+-------++-------
  Melee: War axe           |   108 |    87 |       |   576 |  1293 |  1277 |   108 ||  3449
         Hand axe          |       |   136 |   297 |   207 |    24 |       |       ||   664
         Broad axe         |       |       |       |       |       |       |  1183 ||  1183
 Invoke: Draw Destruction  |       |       |     3 |    16 |    28 |     6 |     6 ||    59
         Draw Escape       |       |       |     1 |       |       |     3 |     5 ||     9
         Draw Summoning    |       |       |       |     4 |     9 |     2 |     7 ||    22
         Triple Draw       |       |       |       |       |       |     2 |       ||     2
         Deal Four         |       |       |       |       |       |     3 |     4 ||     7
         Stack Five        |       |       |       |       |       |       |     2 ||     2
  Evoke: Wand              |       |       |     1 |       |     1 |       |       ||     2
    Use: Scroll            |       |       |     7 |    10 |    12 |     1 |    14 ||    44
         Potion            |       |       |       |       |       |     6 |     7 ||    13
   Stab: Petrified         |       |       |       |       |     3 |       |       ||     3
         Petrifying        |       |       |       |       |     1 |       |       ||     1
         Distracted        |       |       |       |       |       |     1 |       ||     1
 Armour: Scale mail        |    46 |    87 |    54 |       |       |       |       ||   187
         Plate armour      |       |       |    57 |   167 |    70 |       |    53 ||   347
         Ice dragon scales |       |       |       |   226 |   297 |   460 |   322 ||  1305
         Crystal plate arm |       |       |       |       |   159 |       |    33 ||   192
  Dodge: Dodged            |    53 |    68 |    72 |   236 |   307 |   365 |   309 ||  1410
  Block: Buckler           |    24 |    52 |    52 |   155 |       |       |       ||   283
         Kite shield       |       |       |       |    26 |   704 |   751 |    75 ||  1556
         Tower shield      |       |       |       |       |       |       |   792 ||   792
         Reflection        |       |       |       |       |       |       |    30 ||    30
